 Dungeon Crawl Stone Soup version 0.27.0-1-g7a089689b8 (webtiles) character file.

Game seed: 8276550351707514579

1326 lmSkywalker the Magician (level 8, -4/50 HPs)
             Began as a Djinni Fire Elementalist on Aug 9, 2021.
             Slain by an orc (7 damage)
             ... on level 5 of the Dungeon.
             The game lasted 00:20:52 (7038 turns).

lmSkywalker the Magician (Djinni Fire Elementalist) Turns: 7038, Time: 00:20:53

Health: -4/50      AC:  5    Str:  7    XL:     8   Next: 91%
Gold:   260        EV: 13    Int: 19    God:
                   SH:  0    Dex: 20

rFire    + + +     SeeInvis .   l - +2 scythe (vamp)
rCold    x . .     Faith    .   (shield currently unavailable)
rNeg     . . .     Spirit   .   m - +2 leather armour {rF+}
rPois    ∞         Reflect  .   (no helmet)
rElec    .         Harm     .   (no cloak)
rCorr    .         Rampage  .   (no gloves)
Will     .....                  (boots unavailable)
Stlth    ++........             (no amulet)
HPRegen  0.16/turn              B - +6 ring of dexterity
MPRegen  0.00/turn              (no ring)

@: flying, studying Evocations
A: sickness immunity, fire resistance 2, cold vulnerability 1, float, innate
caster, hp casting, extra vitality 1
a: no special abilities


You were on level 5 of the Dungeon.
You visited 1 branch of the dungeon, and saw 5 of its levels.

You collected 260 gold pieces.

Inventory:

Hand Weapons
 b - a +0 mace
 l - a +2 vampiric scythe (weapon)
Missiles
 w - 5 silver boomerangs
Armour
 a - a +0 robe
 k - a +0 kite shield
 m - a +2 leather armour of fire resistance (worn)
 x - a +0 helmet
Magical Staves
 f - a staff of cold
Jewellery
 B - a +6 ring of dexterity (left hand)
 D - a +6 ring of dexterity
Wands
 h - a wand of flame (18)
 i - a wand of mindburst (10)
 p - a wand of polymorph (13)
Scrolls
 e - a scroll of summoning {unknown}
 n - a scroll of identify {unknown}
 q - a scroll of immolation {unknown}
 t - 5 scrolls of teleportation {unknown}
 u - 2 scrolls of vulnerability {unknown}
 v - a scroll of amnesia {unknown}
 y - a scroll of noise {unknown}
 z - a scroll of enchant weapon {unknown}
Potions
 c - a potion of resistance {unknown}
 d - a potion of might {unknown}
 g - 2 potions of curing {unknown}
 j - a potion of berserk rage {unknown}
 o - a potion of degeneration {unknown}
 r - a potion of brilliance {unknown}
 s - 2 potions of attraction {unknown}
 A - a potion of heal wounds {unknown}
 C - a potion of cancellation {unknown}


   Skills:
 - Level 2.0 Armour
 + Level 3.5 Dodging
 - Level 1.5 Stealth
 + Level 2.2 Shields
 + Level 7.3 Spellcasting
 - Level 2.0 Evocations


You couldn't memorise any spells.
You knew the following spells:

 Your Spells              Type           Power      Damage    Failure   Level
a - Foxfire               Conj/Fire      100%       2x1d9     1%          1
b - Call Imp              Summ           35%        N/A       1%          2
c - Inner Flame           Hex/Fire       35%        N/A       1%          3
d - Conjure Flame         Conj/Fire      35%        6-21      1%          3
e - Fireball              Conj/Fire      17%        3d9       19%         5
f - Animate Skeleton      Necr           70%        N/A       1%          1
g - Sticky Flame          Conj/Fire      35%        2d5       7%          4
h - Ensorcelled Hibernat  Hex/Ice        70%        N/A       1%          2
Your spell library was empty.

Dungeon Overview and Level Annotations

Branches:
Dungeon (5/15)
 Temple: D:4-7

Altars:
Okawaru
Zin

Shops:
D:3 [

Annotations:
D:3 1 runed translucent door, Crazy Yiuf


Innate Abilities, Weirdness & Mutations

You are immune to sickness and miasma.
You are immune to poison.
Your flesh is very heat resistant. (rF++)
You are vulnerable to cold. (rC-)
You float through the air rather than walking.
You learn spells naturally, not from books.
Your magical power is your life essence.
You have superior vitality. (+4 HP)


Message History

You kill the orc warrior!
The foxfire hits the orc priest.
The orc priest is lightly wounded.
The foxfire hits the orc priest!
The orc priest is heavily wounded.
The orc priest mumbles some strange prayers to Beogh against you.
Beogh smites you!
* * * LOW HITPOINT WARNING * * *
Training target 2.0 for Armour reached!
Your Armour skill increases to level 2!
Your Shields skill increases to level 2!
Casting: Foxfire (safe; 1% risk of failure)
Confirm with . or Enter, or press ? or * to list all spells.
You conjure some foxfire!
* * * LOW HITPOINT WARNING * * *
The foxfire hits the orc priest.
The orc priest is almost dead.
Casting: Foxfire (safe; 1% risk of failure)
Confirm with . or Enter, or press ? or * to list all spells.
You conjure some foxfire!
* * * LOW HITPOINT WARNING * * *
The foxfire hits the orc priest!
You kill the orc priest!
The foxfire hits the orc but does no damage. x2
Your magical contamination has completely faded away.
Your foxfire dissipates!
The foxfire hits the orc.
The orc resists.
The orc is heavily wounded.
You closely miss the orc.
The orc is heavily wounded.
The orc barely misses you. The orc hits you with a +0 flail.
* * * LOW HITPOINT WARNING * * *
You barely miss the orc.
The orc is moderately wounded.
The orc closely misses you. The orc hits you with a +0 flail.
* * * LOW HITPOINT WARNING * * *
You closely miss the orc.
The orc is moderately wounded.
The orc hits you with a +0 flail!
You die...

.>......#.##### #.#.#.#
####.####.# #.#.#.#
..##.####.### ###.#.#.#
#.##........# #.....#.#
#.#######.#.# #.#.###.#
#....# #.#.# #.#.....#
####.####.#.####.....###
#.##...#.....##.###
#....###..).o@.(.#
####............<#
#######.#...#.#
#.#...#.# #.......#
####.#### #.#######
#.......# #######.#


You could see an orc.

Vanquished Creatures
  Grinder (D:4)
  Sigmund (D:2)
  Eustachio (D:4)
  An orc warrior (D:5)
  2 ogres (D:5)
  A bullfrog zombie (D:5)
  An orc priest (D:5)
  A hound (D:5)
  2 iguanas
  Ijyb (D:3)
  Terence (D:3)
  Natasha (twice) (D:3)
  3 orc wizards
  Robin (D:4)
  4 gnolls (D:4)
  6 adders
  A howler monkey skeleton (D:4)
  A river rat (D:5)
  A white imp (D:5)
  A dart slug (D:1)
  10 orcs
  5 bats
  5 endoplasms
  5 giant cockroaches
  7 hobgoblins
  6 jackals (D:1)
  8 kobolds
  6 quokkas
  7 ball pythons
  3 frilled lizards
  11 goblins
  5 rats
111 creatures vanquished.

Vanquished Creatures (collateral kills)
  2 orc priests
  2 orc wizards
  2 gnolls (D:4)
  A howler monkey skeleton (D:3)
  3 orcs
  An endoplasm (D:4)
  A goblin (D:4)
  A hobgoblin (D:4)
  A quokka (D:4)
  A rat (D:5)
15 creatures vanquished.

Vanquished Creatures (others)
  Natasha (D:3)
  430 foxfires
431 creatures vanquished.

Grand Total: 557 creatures vanquished

Notes
Turn   | Place    | Note
-------+----------+-------------------------------------------
     0 | D:1      | lmSkywalker the Djinni Fire Elementalist began the quest
                  | for the Orb.
     0 | D:1      | Reached XP level 1. HP: 15/15 MP: 0/0
   197 | D:1      | Reached XP level 2. HP: 19/21 MP: 0/0
   332 | D:1      | Reached skill level 3 in Spellcasting
   473 | D:1      | Reached XP level 3. HP: 18/25 MP: 0/0
   473 | D:1      | Learned a level 1 spell: Animate Skeleton
  1063 | D:2      | Reached XP level 4. HP: 24/31 MP: 0/0
  1426 | D:2      | Found a faded altar of an unknown god.
  1456 | D:2      | Reached skill level 4 in Spellcasting
  1837 | D:2      | Noticed Sigmund
  1845 | D:2      | Killed Sigmund
  1846 | D:2      | Reached skill level 5 in Spellcasting
  1846 | D:2      | Reached XP level 5. HP: 11/35 MP: 0/0
  1846 | D:2      | Learned a level 2 spell: Call Imp
  1846 | D:2      | Reached XP level 6. HP: 12/40 MP: 0/0
  2924 | D:3      | Noticed Natasha
  2953 | D:3      | Killed Natasha
  3132 | D:3      | Noticed Terence
  3132 | D:3      | Noticed Natasha
  3368 | D:3      | Killed Natasha
  3370 | D:3      | Killed Terence
  3558 | D:3      | Found Boleh's Armour Shoppe.
  3765 | D:3      | Reached XP level 7. HP: 33/45 MP: 0/0
  3765 | D:3      | Learned a level 2 spell: Ensorcelled Hibernation
  3926 | D:3      | Noticed Ijyb
  3937 | D:3      | Killed Ijyb
  4094 | D:3      | Noticed Natasha
  4099 | D:3      | Killed Natasha
  4217 | D:3      | Found a runed translucent door.
  4218 | D:3      | Noticed Crazy Yiuf
  4356 | D:4      | Reached skill level 6 in Spellcasting
  4683 | D:4      | Noticed Eustachio
  4714 | D:4      | Killed Eustachio
  4788 | D:4      | Noticed Grinder
  4792 | D:4      | Paralysed by Grinder for 4 turns
  4800 | D:4      | Killed Grinder
  4801 | D:4      | Reached skill level 7 in Spellcasting
  4801 | D:4      | Reached XP level 8. HP: 43/50 MP: 0/0
  5026 | D:4      | Noticed Robin
  5031 | D:4      | Killed Robin
  5382 | D:4      | Found a glowing silver altar of Zin.
  5383 | D:4      | Noticed an angel
  5506 | D:5      | Entered Level 5 of the Dungeon
  5905 | D:5      | Reached skill level 1 in Shields
  6042 | D:5      | Reached skill level 1 in Armour
  6042 | D:5      | Reached skill level 1 in Evocations
  6252 | D:5      | Found an iron altar of Okawaru.
  7038 | D:5      | Slain by an orc

Illustrated notes

Levels and vault maps discovered:
D:1:      heliophobic_arrival_ceremonial_halls, layout_rooms
D:2:      layout_basic, dreamdust_ecumenical_altar_statues, uniq_sigmund
D:3:      layout_loops_ring, serial_shops, shop, uniq_terence, uniq_natasha,
          uniq_crazy_yiuf_cottage, uniq_ijyb
D:4:      layout_basic, zin_angel, uniq_grinder, uniq_eustachio, uniq_robin
D:5:      minmay_bubble_buster, layout_basic, lemuel_round_altar,
          gup_sewer_entry_bowl

Skill      XL: |  1  2  3  4  5  6  7  8 |
---------------+-------------------------+-----
Spellcasting   | 3 5 7 |  7.3
Shields        | 2 |  2.2
Armour         | 2 |  2.0
Evocations     | 2 |  2.0
Dodging        | 3 |  3.5
Stealth        | |  1.5

Action                   |  1- 3 |  4- 6 |  7- 9 || total
-------------------------+-------+-------+-------++-------
Melee: Staff             |       |     6 |       ||     6
       Scythe            |       |     2 |    27 ||    29
 Cast: Foxfire           |    55 |    84 |   133 ||   272
       Call Imp          |       |    11 |    32 ||    43
       Inner Flame       |       |     6 |       ||     6
       Conjure Flame     |       |     3 |     1 ||     4
       Animate Skeleton  |       |     2 |     2 ||     4
Evoke: Wand              |       |       |     5 ||     5
 Stab: Sleeping          |       |     1 |     1 ||     2
Armor: Robe              |     1 |     2 |       ||     3
       Leather armour    |       |     5 |    11 ||    16
Dodge: Dodged            |     1 |     8 |    45 ||    54
